 Dungeon Crawl Stone Soup version 0.31-a0-259-g771a54ca4b (webtiles) character file.

Game seed: 7683974281651217435

3291 qw the Skirmisher (level 9, -6/71 HPs)
             Began as a Minotaur Hexslinger on July 13, 2023.
             Was an Initiate of Okawaru.
             Succumbed to a gnoll sergeant's poison
             ... on level 7 of the Dungeon.
             The game lasted 00:02:17 (4987 turns).

qw the Skirmisher (Minotaur Hexslinger)             Turns: 4987, Time: 00:02:17

Health: -6/71      AC: 11    Str: 13    XL:     9   Next: 69%
Magic:  9/9        EV: 13    Int: 10    God:    Okawaru [......]
Gold:   173        SH:  0    Dex: 17    Spells: 9/10 levels left

rFire   . . .        Y - +6 orcbow (drain)
rCold   + . .        (shield currently unavailable)
rNeg    . . .        h - +1 ring mail {rC+}
rPois   .            (helmet restricted)
rElec   .            (no cloak)
rCorr   .            o - +0 pair of gloves
SInv    +            g - +0 pair of boots
Will    .....        (no amulet)
Stlth   +            k - ring of see invisible
HPRegen 0.31/turn    (no ring)
MPRegen 0.11/turn

%: no passive effects
@: lethally poisoned (-6 -> -44), about to teleport
A: horns 2, retaliatory headbutt, hooves 1, iridescent scales 1, frail 1
a: Renounce Religion


You were on level 7 of the Dungeon.
You worshipped Okawaru.
Okawaru was noncommittal.
You visited 2 branches of the dungeon, and saw 8 of its levels.
You also visited: Ossuary.

You collected 312 gold pieces.
You spent 139 gold pieces at shops.


Innate Abilities, Weirdness & Mutations

You have a pair of horns on your head.
You reflexively headbutt those who attack you in melee.
You have large cloven feet.
You are partially covered in iridescent scales. (AC +2)
You are frail. (-10% HP)


   Skills:
 + Level 7.4 Fighting
 - Level 12.2 Ranged Weapons
 - Level 3.2 Armour
 - Level 5.4 Dodging
 - Level 1.0 Spellcasting
 - Level 2.0 Hexes


You had 9 spell levels left.
You knew the following spells:

 Your Spells              Type           Power      Damage    Failure   Level
a - Slow                  Hex            16%        N/A       30%         1

Your spell library contained the following spells:

 Spells                   Type           Power      Damage    Failure   Level
 Inner Flame              Hex/Fire       2%         N/A       80%         3
 Portal Projectile        Hex/Tloc       4%         N/A       80%         3
 Cause Fear               Hex            2%         N/A       97%         4

Inventory:

Hand Weapons
 Y - a +6 orcbow of draining (weapon)
Armour
 g - a +0 pair of boots (worn)
 h - a +1 ring mail of cold resistance (worn)
 o - a +0 pair of gloves (worn)
Jewellery
 k - a ring of see invisible (left hand)
 p - a ring of ice
Scrolls
 c - 5 scrolls of identify
 i - a scroll of teleportation
Potions
 b - 2 potions of might
 d - 3 potions of curing
 e - a potion of cancellation
 f - a potion of enlightenment
 m - 3 potions of haste
 n - a potion of resistance

Dungeon Overview and Level Annotations

Branches:
Dungeon (7/15)             Temple (1/1) D:6         Ossuary (visited)

Altars:
Ashenzari
Dithmenos
Elyvilon
Fedhas
Gozag
Hepliaklqana
Kikubaaqudgha
Makhleb
Nemelex Xobeh
Okawaru
Qazlal
Ru
Trog
Uskayaw
Vehumet
Xom
Yredelemnul

Shops:
D:3 ?   D:5 [   D:6 **

Portals:
Abyss: D:5

Annotations:
D:5 2 transporters, qw's ghost, amateur GrHs


Message History

The gnoll sergeant barely misses you.
You shoot an arrow. The arrow barely misses the gnoll.
You feel very sick. The gnoll closely misses you.
The gnoll sergeant hits you from afar with a +2 spear of venom.
You are more poisoned.
You shoot an arrow. The arrow barely misses the gnoll.
You feel very sick. The gnoll barely misses you. x2
The gnoll sergeant hits you from afar with a +2 spear of venom.
You are lethally poisoned!
You shoot an arrow. The arrow hits the gnoll.
You drain the gnoll.
The gnoll is heavily wounded.
You feel very sick. The gnoll misses you. The gnoll barely misses you.
The gnoll sergeant hits you from afar with a +2 spear of venom.
You are more poisoned.
4984 ||| READING 2 scrolls of teleportation.
As you read the scroll of teleportation, it crumbles to dust.
You feel strangely unstable.
You feel extremely sick.
The gnoll hits you from afar with a +0 spear.
The gnoll barely misses you. The gnoll sergeant closely misses you.
4985 ||| DRINKING potion of heal wounds.
You feel much better.
You hear the steady creaking of a distant portcullis.
You feel very sick. The gnoll closely misses you. The gnoll misses you.
The gnoll sergeant hits you but does no damage.
You are more poisoned.
You shoot an arrow. The arrow hits the gnoll!!
You kill the gnoll!
Okawaru accepts your kill.
You feel extremely sick.
The gnoll hits you from afar with a +0 spear.
The gnoll sergeant hits you from afar with a +2 spear of venom.
You are more poisoned.
You shoot an arrow. The arrow hits the gnoll sergeant.
The gnoll sergeant is severely wounded.
You die...

#..####..##
#.....###
..# #..#
##..###
#..# #..#
#.. #.##
#.# #.##
#).# ##..#
#.@.# #.).#
.gg.##
.....>#
........#
........#
.........
....###..


You could see a gnoll sergeant (very drained) and a gnoll.

Vanquished Creatures
  Pikel (D:6)
  Joseph (D:7)
  Grinder (D:6)
  2 water moccasins (D:6)
  A black bear (D:3)
  An ice beast (D:5)
  An orc warrior (D:6)
  A centaur (D:7)
  A lemure (D:6)
  3 elf zombies (Ossuary)
  4 scorpions
  4 bullfrogs
  3 centaur zombies (Ossuary)
  4 hounds
  2 jellies
  An orc priest (D:6)
  3 iguanas
  6 human zombies (Ossuary)
  2 sleepcaps
  6 orc wizards
  3 mummies (Ossuary)
  9 gnolls
  8 adders
  A shadow imp (D:5)
  A white imp (D:7)
  3 worms
  A dart slug (D:3)
  12 orcs
  4 bats
  5 endoplasms
  6 giant cockroaches
  5 jackals
  8 quokkas
  5 ball pythons
  A frilled lizard (D:1)
  6 goblins
  13 kobolds
  6 rats
145 creatures vanquished.

Vanquished Creatures (others)
  A wizard (D:3)
1 creature vanquished.

Grand Total: 146 creatures vanquished

Notes
Turn   | Place    | Note
-------+----------+-------------------------------------------
     0 | D:1      | qw the Minotaur Hexslinger began the quest for the Orb.
     0 | D:1      | Reached XP level 1. HP: 16/16 MP: 1/1
     0 | D:1      | 0 ||| qw: Version: 0.3-a-52-g30416fa
     0 | D:1      | 0 ||| qw: Game counter: 6859
     0 | D:1      | 0 ||| qw: Melee chars always use a shield: true
     0 | D:1      | 0 ||| qw: God list: Okawaru
     0 | D:1      | 0 ||| qw: Allow faded altars: false
     0 | D:1      | 0 ||| qw: Do Orc after clearing Dungeon:15 true
     0 | D:1      | 0 ||| qw: Do second Lair branch before Depths: true
     0 | D:1      | 0 ||| qw: Lair rune preference: random
     0 | D:1      | 0 ||| qw: Goals: Normal
     0 | D:1      | 0 ||| PLANNING D:1-11
     6 | D:1      | Noticed a polar bear
     6 | D:1      | Noticed a lindwurm
   144 | D:1      | Reached skill level 3 in Ranged Weapons
   157 | D:1      | Reached XP level 2. HP: 23/23 MP: 2/2
   712 | D:1      | 712 ||| UPGRADING to +0 pair of boots.
   717 | D:1      | 717 ||| UPGRADING to +0 leather armour.
   727 | D:1      | 727 ||| DROPPING +0 robe.
   728 | D:1      | 728 ||| UPGRADING to +0 ring mail.
   738 | D:1      | 738 ||| DROPPING +0 leather armour.
   739 | D:1      | 739 ||| READING scroll labelled MATOOZ FEAF.
   740 | D:1      | 740 ||| DROPPING scroll of poison.
   809 | D:2      | Reached XP level 3. HP: 25/29 MP: 3/3
   855 | D:2      | 855 ||| SWAPPING to +4 orcbow of flaming.
   856 | D:2      | 856 ||| DROPPING +1 sling.
   894 | D:2      | Reached skill level 4 in Ranged Weapons
   957 | D:2      | Reached skill level 1 in Armour
   988 | D:2      | Found a bloodstained altar of Trog.
  1274 | D:2      | Reached XP level 4. HP: 36/36 MP: 4/4
  1393 | D:2      | 1393 ||| DROPPING ring of magical power.
  1394 | D:2      | 1394 ||| READING 2 scrolls labelled KAZAWU BAAR.
  1395 | D:2      | 1395 ||| READING scroll labelled UKASHE MUUSH.
  1396 | D:2      | 1396 ||| READING scroll labelled UKHAMU ASUME.
  1397 | D:2      | 1397 ||| STAIRDANCE
  1499 | D:1      | 1499 ||| READING 2 scrolls of identify.
  1499 | D:1      | 1499 ||| IDENTIFYING bubbling purple potion
  1500 | D:1      | 1500 ||| DROPPING scroll of blinking.
  1512 | D:3      | Noticed a black bear
  1522 | D:3      | Killed a black bear
  1523 | D:3      | Reached skill level 5 in Ranged Weapons
  1523 | D:3      | Reached XP level 5. HP: 21/41 MP: 5/5
  1819 | D:3      | Found a bloodstained altar of Trog.
  1821 | D:3      | Noticed a wizard
  1826 | D:3      | Killed a wizard
  1899 | D:3      | Reached skill level 3 in Fighting
  1981 | D:3      | Reached skill level 6 in Ranged Weapons
  1990 | D:3      | 1990 ||| Stepping ~*~*~tactically~*~*~ (outnumbered).
  2126 | D:3      | Reached XP level 6. HP: 51/51 MP: 6/6
  2244 | D:3      | Found Hizadas's Magic Scroll Emporium.
  2249 | D:3      | 2249 ||| BUYING scroll of identify (26 gold).
  2249 | D:3      | Bought a scroll of identify for 26 gold pieces
  2249 | D:3      | 2249 ||| BUYING scroll of identify (26 gold).
  2249 | D:3      | Bought a scroll of identify for 26 gold pieces
  2249 | D:3      | 2249 ||| BUYING scroll of identify (26 gold).
  2249 | D:3      | Bought a scroll of identify for 26 gold pieces
  2249 | D:3      | 2249 ||| BUYING scroll of teleportation (39 gold).
  2249 | D:3      | Bought a scroll of teleportation for 39 gold pieces
  2368 | D:3      | 2368 ||| READING scroll labelled VOCEZ GINI.
  2369 | D:3      | 2369 ||| READING scroll labelled SETSOKH FUWARU.
  2370 | D:3      | 2370 ||| READING scroll labelled WONESI NES PUD.
  2371 | D:3      | 2371 ||| DRINKING 2 sedimented cyan potions.
  2372 | D:3      | 2372 ||| READING 5 scrolls of identify.
  2372 | D:3      | 2372 ||| IDENTIFYING red potion
  2388 | D:4      | 2388 ||| PLANNING OSSUARY
  2519 | D:4      | Found a basalt altar of Yredelemnul.
  2520 | D:4      | Found a blossoming altar of Fedhas.
  2578 | D:4      | Found a sand-covered staircase.
  2579 | D:4      | 2579 ||| UPGRADING to ring of see invisible.
  2580 | D:4      | 2580 ||| READING scroll labelled MADEBO LYLYEVA.
  2581 | D:4      | 2581 ||| READING scroll labelled AHISUG GECEORPH.
  2582 | D:4      | 2582 ||| DRINKING 2 blue potions.
  2583 | D:4      | 2583 ||| READING 4 scrolls of identify.
  2583 | D:4      | 2583 ||| IDENTIFYING orange potion
  2584 | D:4      | 2584 ||| READING 3 scrolls of identify.
  2584 | D:4      | 2584 ||| IDENTIFYING brown potion
  2585 | D:4      | 2585 ||| READING 2 scrolls of identify.
  2585 | D:4      | 2585 ||| IDENTIFYING viscous silvery potion
  2592 | D:4      | 2592 ||| READING scroll labelled ELOLOU PIOSH.
  2594 | Ossuary  | Entered an ossuary
  2663 | Ossuary  | Reached skill level 7 in Ranged Weapons
  2779 | Ossuary  | Reached XP level 7. HP: 54/59 MP: 7/7
  2805 | Ossuary  | Reached skill level 8 in Ranged Weapons
  2969 | Ossuary  | 2969 ||| DRINKING 2 murky yellow potions.
  2969 | Ossuary  | Gained mutation: You are frail. (-10% HP) [potion of
                  | mutation]
  2969 | Ossuary  | Gained mutation: You are clumsy. (Dex -2) [potion of
                  | mutation]
  2969 | Ossuary  | Gained mutation: You have large cloven feet. [potion of
                  | mutation]
  2969 | Ossuary  | Gained mutation: You possess an exceptional clarity of
                  | mind. [potion of mutation]
  2970 | Ossuary  | 2970 ||| DRINKING potion of mutation.
  2970 | Ossuary  | Lost mutation: You possess an exceptional clarity of mind.
                  | [potion of mutation]
  2970 | Ossuary  | Lost mutation: You are clumsy. (Dex -2) [potion of
                  | mutation]
  2970 | Ossuary  | Gained mutation: You are partially covered in iridescent
                  | scales. (AC +2) [potion of mutation]
  2971 | Ossuary  | 2971 ||| READING 4 scrolls of identify.
  2971 | Ossuary  | 2971 ||| IDENTIFYING sedimented sapphire potion
  2972 | Ossuary  | 2972 ||| DROPPING potion of degeneration.
  2982 | D:4      | 2982 ||| PLANNING D:1-11
  3156 | D:5      | Entered Level 5 of the Dungeon
  3181 | D:5      | Found Jeetouri's Antique Armour Shoppe.
  3195 | D:5      | Reached XP level 8. HP: 53/62 MP: 8/8
  3296 | D:5      | 3296 ||| DRINKING 4 potions of curing.
  3296 | D:5      | 3296 ||| (to cure confusion)
  3298 | D:5      | Reached skill level 9 in Ranged Weapons
  3333 | D:5      | Reached skill level 3 in Dodging
  3340 | D:5      | 3340 ||| READING scroll of enchant weapon.
  3340 | D:5      | 3340 ||| ENCHANTING +5 orcbow of draining.
  3437 | D:5      | Reached skill level 6 in Fighting
  3491 | D:5      | Found a one-way gate to the infinite horrors of the Abyss.
  3498 | D:5      | Found a transporter.
  3498 | D:5      | Found a transporter.
  3505 | D:5      | Noticed qw's ghost (amateur GrHs)
  3652 | D:5      | 3652 ||| UPGRADING to +0 pair of gloves.
  3657 | D:5      | 3657 ||| DRINKING 2 bubbling yellow potions.
  3658 | D:5      | 3658 ||| READING 4 scrolls of identify.
  3658 | D:5      | 3658 ||| IDENTIFYING sedimented white potion
  3659 | D:5      | 3659 ||| DROPPING potion of magic.
  3660 | D:5      | 3660 ||| DROPPING potion of attraction.
  3692 | D:6      | Noticed Grinder
  3692 | D:6      | Paralysed by Grinder for 3 turns
  3701 | D:6      | Paralysed by Grinder for 5 turns
  3708 | D:6      | 3708 ||| FLEEEEING.
  3714 | D:6      | 3714 ||| STAIRDANCE
  3758 | D:6      | Paralysed by Grinder for 3 turns
  3790 | D:6      | Killed Grinder
  3791 | D:6      | Reached skill level 10 in Ranged Weapons
  3839 | D:6      | Reached skill level 3 in Armour
  3883 | D:6      | 3883 ||| Stepping ~*~*~tactically~*~*~ (outnumbered).
  3938 | D:6      | Found a staircase to the Ecumenical Temple.
  3939 | D:6      | 3939 ||| PLANNING TEMPLE
  3939 | D:6      | 3939 ||| UPGRADING to +1 ring mail of cold resistance.
  3949 | D:6      | 3949 ||| DROPPING +0 ring mail.
  3954 | D:6      | Reached XP level 9. HP: 71/71 MP: 9/9
  3962 | Temple   | Entered the Ecumenical Temple
  4020 | Temple   | 4020 ||| PLANNING D:1-11
  4045 | D:6      | Found Agireihi's General Store.
  4047 | D:6      | Found Aniosk's Specific Store.
  4049 | D:6      | Noticed Pikel
  4059 | D:6      | Killed Pikel
  4065 | D:6      | Reached skill level 11 in Ranged Weapons
  4072 | D:6      | 4072 ||| FLEEEEING.
  4073 | D:6      | 4073 ||| FLEEEEING.
  4074 | D:6      | 4074 ||| FLEEEEING.
  4075 | D:6      | 4075 ||| FLEEEEING.
  4076 | D:6      | 4076 ||| FLEEEEING.
  4084 | D:6      | 4084 ||| STAIRDANCE
  4190 | D:6      | 4190 ||| BUYING scroll of identify (22 gold).
  4190 | D:6      | Bought a scroll of identify for 22 gold pieces
  4441 | D:6      | 4441 ||| READING scroll labelled VAH SIALARGHIE.
  4456 | D:6      | 4456 ||| Stepping ~*~*~tactically~*~*~ (outnumbered).
  4459 | D:6      | 4459 ||| Stepping ~*~*~tactically~*~*~ (outnumbered).
  4460 | D:6      | 4460 ||| Stepping ~*~*~tactically~*~*~ (outnumbered).
  4553 | D:7      | Noticed Joseph
  4555 | D:7      | 4555 ||| FLEEEEING.
  4557 | D:7      | 4557 ||| STAIRDANCE
  4623 | D:7      | 4623 ||| STAIRDANCE
  4666 | D:7      | 4666 ||| STAIRDANCE
  4702 | D:7      | 4702 ||| STAIRDANCE
  4738 | D:7      | 4738 ||| STAIRDANCE
  4766 | D:7      | 4766 ||| STAIRDANCE
  4829 | D:7      | 4829 ||| STAIRDANCE
  4864 | D:7      | Killed Joseph
  4865 | D:7      | Reached skill level 12 in Ranged Weapons
  4879 | D:7      | Found an iron altar of Okawaru.
  4880 | D:7      | 4880 ||| PLANNING OKAWARU WORSHIP
  4882 | D:7      | 4882 ||| Stepping ~*~*~tactically~*~*~ (outnumbered).
  4883 | D:7      | 4883 ||| Stepping ~*~*~tactically~*~*~ (outnumbered).
  4884 | D:7      | 4884 ||| FLEEEEING.
  4885 | D:7      | 4885 ||| Stepping ~*~*~tactically~*~*~ (outnumbered).
  4886 | D:7      | 4886 ||| Stepping ~*~*~tactically~*~*~ (outnumbered).
  4887 | D:7      | 4887 ||| FLEEEEING.
  4888 | D:7      | 4888 ||| Stepping ~*~*~tactically~*~*~ (outnumbered).
  4895 | D:7      | 4895 ||| FLEEEEING.
  4896 | D:7      | 4896 ||| FLEEEEING.
  4897 | D:7      | 4897 ||| FLEEEEING.
  4899 | D:7      | 4899 ||| STAIRDANCE
  4955 | D:7      | Became a worshipper of Warmaster Okawaru
  4956 | D:7      | 4956 ||| PLANNING D:1-11
  4983 | D:7      | HP: 15/71 [gnoll sergeant/+2 spear of venom (4)]
  4984 | D:7      | 4984 ||| READING 2 scrolls of teleportation.
  4984 | D:7      | HP: 6/71 [poisoned by a gnoll sergeant]
  4985 | D:7      | 4985 ||| DRINKING potion of heal wounds.
  4987 | D:7      | Succumbed to a gnoll sergeant's poison

Levels and vault maps discovered:
D:1:      onia_arrival_zoo_common, layout_loops_cross
D:2:      layout_basic, basic_altar
D:3:      layout_basic, trog_wizard, serial_shops,
          nicolae_shop_just_a_little_nook, kennysheep_generic_room_14
D:4:      layout_rooms, mainiacjoe_overflow_divided_tiny,
          chequers_ossuary_entry_cave
D:5:      layout_cave_pools, gammafunk_ghost_abyssal_escape, serial_shops,
          kennysheep_mini, minivault_23
D:6:      layout_rooms, minmay_temple_entry_stoned_glass, amethyst_killhole,
          nicolae_specific_store, uniq_grinder, uniq_pikel
D:7:      layout_layer_cave, okawaru_trees_2, tso_oasis_becter, enter_bailey_2,
          nicolae_elemental_shop, uniq_joseph
Temple:   nicolae_temple_god_jail

Skill      XL: |  1  2  3  4  5  6  7  8  9 |
---------------+----------------------------+-----
Ranged Weapons | 3 4 5 6 7 8 10 12 | 12.2
Fighting       | 2 3 4 5 7 |  7.4
Armour         | 1 2 3 |  3.2
Dodging        | 3 5 |  5.4
Spellcasting   | |  1.0
Hexes          | |  2.0

Action                     |  1- 3 |  4- 6 |  7- 9 || total
---------------------------+-------+-------+-------++-------
   Fire: Sling             |    59 |       |       ||    59
         Orcbow            |    40 |   126 |   232 ||   398
    Use: Scroll            |     1 |    14 |     5 ||    20
         Potion            |       |     2 |     5 ||     7
 Armour: Ring mail         |    12 |    18 |    68 ||    98
         Robe              |     3 |       |       ||     3
  Dodge: Dodged            |    30 |    25 |   102 ||   157

Table legend:
 A = Non-vault XP
 B = Vault XP
 C = Vault XP percentage of total XP
 D = Non-vault monster count
 E = Vault monster count
 F = Vault count percentage of total count
                 A         B        C        D         E       F
            +---------+---------+-------+---------+---------+-------
      Total |    2615 |    2087 |  44.4 |     124 |      20 |  13.9
            +---------+---------+-------+---------+---------+-------
        D:1 |      36 |       0 |   0.0 |      23 |       0 |   0.0
        D:2 |      70 |       0 |   0.0 |      20 |       0 |   0.0
        D:3 |     275 |       4 |   1.4 |      24 |       2 |   7.7
        D:4 |     155 |       0 |   0.0 |      13 |       0 |   0.0
        D:5 |     623 |       0 |   0.0 |      15 |       0 |   0.0
        D:6 |    1219 |     903 |  42.6 |      24 |       2 |   7.7
        D:7 |     237 |     445 |  65.2 |       5 |       1 |  16.7
    Ossuary |       0 |     735 | 100.0 |       0 |      15 | 100.0
            +---------+---------+-------+---------+---------+-------
